 Dungeon Crawl Stone Soup version 0.17-a0-1804-gf6433eb (webtiles) character file.

8906 AvaKnavely the Agent of Entropy (level 11, -4/86 HPs)
             Began as a Demonspawn Abyssal Knight on Sept 11, 2015.
             Was a Priest of Lugonu.
             Slain by Urug
             ... wielding a +0 halberd
              (7 damage)
             ... on level 13 of the Dungeon.
             The game lasted 00:49:46 (12875 turns).

AvaKnavely the Agent of Entropy (DsAK)             Turns: 12875, Time: 00:49:46

Health: -4/86      AC: 14    Str: 13    XL:     11   Next: 16%
Magic:  18/18      EV: 11    Int: 14    God:    Lugonu [***...]
Gold:   334        SH:  0    Dex: 15    Spells: 0 memorised, 10 levels left

rFire  . . .     SeeInvis +     g - +2 dagger (protect)
rCold  . . .     Clarity  .     i - +0 ring mail
rNeg   + . .     SustAt   .     (no shield)
rPois  .         Gourm    .     (no helmet)
rElec  .         Spirit   .     P - +0 cloak
rCorr  .         Warding  .     e - +0 pair of gloves
rMut   .         Stasis   .     (no boots)
MR     .....                    E - amulet of rage
Stlth  +.........               D - ring of see invisible
                                n - ring of positive energy

@: not resistant to hostile enchantments, very unstealthy
A: talons 2, spiny 2, rot immunity
a: Depart the Abyss, Bend Space, Banish, Renounce Religion, Evoke Berserk Rage


You were on level 13 of the Dungeon.
You worshipped Lugonu.
Lugonu was most pleased with you.
You were not hungry.

You visited 1 branch of the dungeon, and saw 13 of its levels.
You visited the Abyss 1 time.

You collected 539 gold pieces.
You spent 205 gold pieces at shops.

Inventory:

Hand weapons
 a - a +1 short sword
 g - a +2 dagger of protection (weapon)
 m - a +0 whip of flaming
Armour
 b - a +0 leather armour
 e - a +0 pair of gloves (worn)
 i - a +0 ring mail (worn)
 P - a +0 cloak (worn)
Jewellery
 n - a ring of positive energy (left hand)
 A - an uncursed amulet of stasis
 D - a ring of see invisible (right hand)
 E - an amulet of rage (around neck)
 L - a -3 ring of evasion
Magical devices
 d - a wand of polymorph (12)
 x - a wand of magic darts (14)
 B - a wand of slowing (34)
 C - a wand of digging (15)
 I - a wand of magic darts (7)
 M - a wand of cold (6)
Scrolls
 v - 2 scrolls of recharging
 y - 3 scrolls of amnesia
 z - a scroll of random uselessness
 F - 3 scrolls of identify
 O - a scroll of remove curse
 R - 2 scrolls of magic mapping
Potions
 f - a potion of flight
 j - 7 potions of curing
 o - a potion of lignification {unknown}
 p - a potion of haste {unknown}
 r - a potion of ambrosia
 u - 2 potions of brilliance
 w - 2 potions of agility
 G - a potion of berserk rage {unknown}
 J - a potion of cure mutation {unknown}
 K - 2 potions of invisibility
 N - a potion of mutation {unknown}
 Q - a potion of poison {unknown}
 U - a potion of resistance {unknown}
Books
 l - a book of Death

   Spells                             Type                      Level
   a - Corpse Rot                     Necromancy                   2
   b - Sublimation of Blood           Necromancy                   2
   c - Agony                          Necromancy                   5
   d - Dispel Undead                  Necromancy                   5
   e - Excruciating Wounds            Charms/Necromancy            5
   f - Bolt of Draining               Conjuration/Necromancy       5
Comestibles
 c - 7 bread rations
 h - 4 fruits
 k - 4 meat rations
 q - 3 royal jellies
 H - 12 slices of pizza
 T - 4 beef jerkies


   Skills:
 + Level 7.8 Fighting
 * Level 9.4 Short Blades
 + Level 9.1 Armour
 + Level 2.6 Dodging
 - Level 9.7 Invocations


You had 10 spell levels left.
You didn't know any spells.

Dungeon Overview and Level Annotations

Branches:
Dungeon (13/15)            Temple (0/1) D:6             Orc (0/4) D:9
   Lair: D:8-11      Vaults: D:13-14

Altars:
Ashenzari
Cheibriados
Elyvilon
Fedhas
Kikubaaqudgha
Okawaru
Qazlal
Sif Muna
Trog
Vehumet
Yredelemnul
Zin

Shops:
D:5 =?[?

Annotations:
D:8 Psyche
D:9 corrupted
D:10 exclusions: oklob plant and oklob sapling
D:13 Urug


Innate Abilities, Weirdness & Mutations

You have razor-sharp toenails.
You are mostly covered in sharp spines.
You are immune to rotting.


Message History

You climb upwards.
The orc hits you but does no damage.
There is a stone staircase leading down here.
You can't go up here!
The orc priest shouts!
The orc is struck by your spines. The orc hits you but does no damage.
The orc priest barely misses you.
You climb downwards.
Level annotation: Urug Urug hits you from afar with a halberd.
* * * LOW HITPOINT WARNING * * *
There is a stone staircase leading up here.
The orc is struck by your spines.
You kill the orc!
Lugonu accepts your kill. Urug is struck by your spines.
Urug hits you with a halberd.
* * * LOW HITPOINT WARNING * * *
Urug hits you from afar with a halberd.
* * * LOW HITPOINT WARNING * * *
Urug hits you from afar with a halberd!
You die...

#(.....#(# ######
#..##..o(# #....#
#......######## #.#..#
#.............# ###....#
#.#...#######.# #.#....#
#.....#######[####.#.##.#
#.........o.<....'.#....#
#(..........[..#.#.##'###
#.......@........#.....#
##...###'##########.#####
#...................#
#...................#
#.._..###############
#......# #.........#####
#......# #.###.....#...#
##.#...####.........#...#
#..............#####...#


You could see Urug.

Vanquished Creatures
  Pikel (D:4)
  A centaur zombie (D:10)
  2 centaur skeletons (D:10)
  A two-headed ogre (D:10)
  2 trolls
  A deep elf mage (D:11)
  A wyvern (D:12)
  A wraith (D:11)
  A human (D:10)
  A vampire mosquito (D:13)
  A hungry ghost (D:10)
  5 yaks (D:11)
  A black bear (D:8)
  3 orc warriors
  3 water moccasins
  An ice beast (D:9)
  A phantom (D:7)
  3 sky beasts
  2 slaves (D:4)
  4 ogres
  3 centaurs
  A big kobold (D:5)
  A giant frog (D:8)
  A scorpion (D:11)
  A water moccasin skeleton (D:10)
  A giant frog zombie (D:6)
  4 crimson imps
  3 hounds
  6 orc priests
  A gnoll shaman (D:6)
  2 quasits (D:5)
  A giant frog skeleton (D:4)
  2 jellies (D:11)
  5 worker ants
  4 orc wizards
  4 sheep (D:10)
  A hound skeleton (D:4)
  3 gnolls (D:6)
  17 adders
  An adder zombie (D:6)
  4 worms
  11 giant geckos
  23 orcs
  8 ball pythons
  5 giant cockroaches
  9 goblins
  9 hobgoblins
  20 jackals
  4 quokkas
  5 bats
  7 giant newts
  A jackal skeleton (D:4)
  14 kobolds
  10 rats
  A spectral orc (D:6)
229 creatures vanquished.

Vanquished Creatures (others)
  A hill giant (D:11)
  5 trolls
  Prince Ribbit (D:9)
  A slime creature (D:13)
  A yak (D:10)
  A deep elf mage (D:13)
  A mottled dragon (D:11)
  2 orc warriors (D:9)
  A centaur (D:9)
  A giant frog (D:11)
  A crimson imp (D:9)
  2 orc wizards (D:9)
  An adder (D:9)
  An adder skeleton (D:9)
  An orc (D:9)
  3 jackals (D:4)
  2 starspawn tentacles (D:9)
  A starspawn tentacle segment (D:9)
27 creatures vanquished.

Grand Total: 256 creatures vanquished

Notes
Turn   | Place    | Note
--------------------------------------------------------------
     0 | Abyss:1  | AvaKnavely the Demonspawn Abyssal Knight began the quest for the Orb.
     0 | Abyss:1  | Reached XP level 1. HP: 18/18 MP: 2/2
    38 | D:1      | Escaped the Abyss
   120 | D:1      | Reached skill level 1 in Dodging
   346 | D:1      | Gained mutation: You are immune to rotting. [demonic ancestry]
   346 | D:1      | Reached XP level 2. HP: 10/24 MP: 2/4
   532 | D:1      | Acquired Lugonu's first power
   832 | D:1      | Reached XP level 3. HP: 26/29 MP: 5/5
  1726 | D:2      | Acquired Lugonu's second power
  2190 | D:3      | Reached XP level 4. HP: 28/35 MP: 6/6
  2316 | D:3      | Found a deep blue altar of Sif Muna.
  2482 | D:3      | Found a white marble altar of Elyvilon.
  2823 | D:3      | Found a snail-covered altar of Cheibriados.
  3118 | D:4      | Gained mutation: You are partially covered in sharp spines. [demonic ancestry]
  3118 | D:4      | Reached XP level 5. HP: 38/41 MP: 7/7
  3137 | D:4      | Noticed a slave
  3152 | D:4      | Killed a slave
  3153 | D:4      | Noticed Pikel
  3153 | D:4      | Noticed a slave
  3153 | D:4      | Noticed a slave
  3160 | D:4      | Noticed a slave
  3181 | D:4      | Killed a slave
  3181 | D:4      | Killed Pikel
  3181 | D:4      | Reached skill level 4 in Fighting
  3181 | D:4      | Reached XP level 6. HP: 32/48 MP: 7/9
  3181 | D:4      | Gained mutation: You are mostly covered in sharp spines. [demonic ancestry]
  3181 | D:4      | Reached XP level 7. HP: 36/54 MP: 7/10
  3315 | D:4      | Acquired Lugonu's third power
  3316 | D:4      | Noticed an ogre
  3329 | D:4      | Killed an ogre
  3511 | D:4      | Noticed an angel
  3512 | D:4      | Found a glowing silver altar of Zin.
  3613 | D:4      | Reached skill level 5 in Armour
  3754 | D:5      | Entered Level 5 of the Dungeon
  3766 | D:5      | Reached skill level 5 in Short Blades
  3780 | D:5      | Reached skill level 5 in Invocations
  3807 | D:5      | Found Sulic's Magic Scroll Shoppe.
  3841 | D:5      | Found Mober's Jewellery Emporium.
  3888 | D:5      | Bought an uncursed ring of see invisible for 165 gold pieces
  3906 | D:5      | Gained mutation: You have sharp toenails. [demonic ancestry]
  3906 | D:5      | Reached XP level 8. HP: 55/61 MP: 11/11
  3943 | D:5      | Found a bloodstained altar of Trog.
  3978 | D:5      | Found a radiant altar of Vehumet.
  4095 | D:5      | Found Ophem's Armour Emporium.
  4207 | D:5      | Reached skill level 5 in Fighting
  4266 | D:5      | Found Hoom's Assorted Antiques.
  4378 | D:5      | Acquired Lugonu's fourth power
  4479 | D:5      | Found Xujeczol's Magic Scroll Boutique.
  4563 | D:5      | Bought a scroll of identify for 20 gold pieces
  4563 | D:5      | Bought a scroll of identify for 20 gold pieces
  4634 | D:6      | Found a basalt altar of Yredelemnul.
  4827 | D:6      | Reached skill level 6 in Short Blades
  4865 | D:6      | Found a shattered altar of Ashenzari.
  5338 | D:6      | Found a staircase to the Ecumenical Temple.
  5738 | D:7      | Noticed a gargoyle
  6217 | D:7      | Found a stormy altar of Qazlal.
  6266 | D:7      | Reached XP level 9. HP: 68/68 MP: 13/13
  6506 | D:8      | Found an ancient bone altar of Kikubaaqudgha.
  6528 | D:8      | Reached skill level 7 in Short Blades
  6638 | D:8      | Noticed Psyche
  6973 | D:8      | Found a blossoming altar of Fedhas.
  7488 | D:9      | Noticed Prince Ribbit
  7488 | D:9      | Found a staircase to the Orcish Mines.
  7516 | D:9      | Corrupted D:9
  7516 | D:9      | Noticed a death knight
  7516 | D:9      | Noticed a starcursed mass
  7519 | D:9      | Noticed a smoke demon
  7519 | D:9      | Noticed a tentacled starspawn
  7519 | D:9      | Noticed an unseen horror
  7520 | D:9      | Killed Prince Ribbit
  7550 | D:9      | Noticed a worldbinder
  7862 | D:9      | Noticed a gargoyle
  7908 | D:10     | Entered Level 10 of the Dungeon
  8089 | D:10     | Noticed a centaur skeleton
  8109 | D:10     | Killed a centaur skeleton
  8208 | D:10     | HP: 1/71 [troll (12)]
  8211 | D:10     | Reached skill level 8 in Short Blades
  8531 | D:10     | Reached XP level 10. HP: 24/77 MP: 15/15
  9125 | D:10     | Found a blossoming altar of Fedhas.
  9510 | D:10     | Noticed a centaur zombie
  9528 | D:10     | Killed a centaur zombie
  9567 | D:10     | Noticed an oklob plant
 10156 | D:11     | Noticed a hill giant
 10156 | D:11     | Noticed a cyclops
 10407 | D:10     | Reached skill level 9 in Invocations
 11668 | D:11     | Noticed a hill giant
 11682 | D:11     | Banished a hill giant
 11682 | D:11     | Gained mutation: You have razor-sharp toenails. [demonic ancestry]
 11682 | D:11     | Reached XP level 11. HP: 35/85 MP: 18/18
 11853 | D:11     | You fall through a shaft for 2 floors!
 11859 | D:13     | Found an iron altar of Okawaru.
 12843 | D:13     | Noticed Urug
 12872 | D:13     | HP: 3/86 [Urug/halberd (5)]
 12875 | D:13     | Slain by Urug

Vault maps used:
D:1:      dpeg_arrival_round_c
D:2:      dk_noncrumbling_2
D:3:      nicolae_overflow_crystal_walls, lemuel_doored_altar,
          cheibriados_altar_wand_db, kennysheep_generic_room_5
D:4:      zin_angel, first_bread, uniq_pikel
D:5:      vehumet_altar_wand_db, kennysheep_mini, serial_shops,
          kennysheep_little_box, shop, shop, nicolae_shop_trees, shop
D:6:      evilmike_ruin_ashenzari, yredelemnul_forgotten_temple_becter,
          minmay_temple_entry_hall, item_on_display_a
D:7:      nicolae_qazlal_general_emergency
D:8:      black_bear_nest_1, fedhas_altar_1, old_standard_altar, uniq_psyche
D:9:      nicolae_dithmenos_the_darkroom, dpeg_oklobed_lair, david_orc_3,
          basic_altar, uniq_maurice, uniq_erolcha, uniq_erica,
          uniq_prince_ribbit1
D:10:     grunt_livestock, hangedman_decor_slide_cut, hangedman_decor_lopped,
          introduction_to_nature_1
D:11:     item_on_display_a
D:12:     jmf_multi_god_temple
D:13:     basic_altar, uniq_urug

Action                   |  1- 3 |  4- 6 |  7- 9 | 10-12 || total
-------------------------+-------+-------+-------+-------++-------
Melee: Short sword       |    30 |       |       |       ||    30
       Dagger            |   284 |   229 |   395 |   406 ||  1314
Invok: Depart the Abyss  |     1 |       |       |       ||     1
       Banish            |       |       |     1 |    11 ||    12
       Corrupt           |       |       |     1 |       ||     1
       Bend Space        |       |       |       |     1 ||     1
Evoke: Wand              |       |       |       |     1 ||     1
  Use: Potion            |       |     1 |     1 |     4 ||     6
       Scroll            |       |     3 |    12 |     2 ||    17
  Eat: Chunk             |     4 |     4 |    11 |    11 ||    30
       Fruit             |       |       |     2 |     2 ||     4
       Bread ration      |       |       |     1 |     2 ||     3
